 Dungeon Crawl Stone Soup version 0.28-a0-793-g31680bbd8b (webtiles) character file.

Game seed: 5083675866227996826

177 ytrimaz the Shield-Bearer (level 5, 0/45 HPs)
             Began as a Demonspawn Fighter on Nov 3, 2021.
             Succumbed to an adder's poison
             ... on level 3 of the Dungeon.
             The game lasted 00:02:57 (3412 turns).

ytrimaz the Shield-Bearer (Demonspawn Fighter)      Turns: 3412, Time: 00:02:57

Health: 0/45       AC:  9    Str: 17    XL:     5   Next: 31%
Magic:  6/6        EV: 10    Int: 16    God:
Gold:   62         SH:  4    Dex: 12    Spells: 6/6 levels left

rFire   . . .      SeeInvis .   a - +0 rapier
rCold   + . .      Faith    .   c - +0 buckler
rNeg    . . .      Spirit   .   b - +0 scale mail
rPois   .          Reflect  .   (helmet restricted)
rElec   .          Harm     .   (no cloak)
rCorr   .          Rampage  .   (no gloves)
Will    .....                   f - +1 pair of boots
Stlth   ..........              (no amulet)
HPRegen 0.15/turn               e - ring of protection from cold
MPRegen 0.10/turn               (no ring)

@: mighty, lethally poisoned (0 -> -1)
A: antennae 1, big brain 2, clever 1, robust 1
a: no special abilities


You were on level 3 of the Dungeon.
You visited 1 branch of the dungeon, and saw 3 of its levels.

You collected 62 gold pieces.

Inventory:

Hand Weapons
 a - a +0 rapier (weapon)
Armour
 b - a +0 scale mail (worn)
 c - a +0 buckler (worn)
 f - a +1 pair of boots (worn)
Jewellery
 e - a ring of protection from cold (left hand)
Scrolls
 h - a scroll of identify
 i - a scroll of torment
 k - a scroll of fog {unknown}
Potions
 d - a potion of might


   Skills:
 - Level 3.2 Fighting
 - Level 2.8 Short Blades
 + Level 3.4 Armour
 * Level 1.7 Dodging
 * Level 3.5 Shields
 * Level 1.1 Spellcasting


You had 6 spell levels left.
You didn't know any spells.
Your spell library contained the following spells:

 Spells                   Type           Power      Damage    Failure   Level
 Call Canine Familiar     Summ           0%         N/A       93%         3
 Portal Projectile        Hex/Tloc       0%         N/A       93%         3
 Leda's Liquefaction      Hex/Erth       0%         N/A       100%        4


Dungeon Overview and Level Annotations

Branches:
Dungeon (3/15)

Altars:


Innate Abilities, Weirdness & Mutations

You have a pair of small antennae on your head.
You have an extremely huge brain. (Int +4)
Your mind is acute. (Int +2)
You are robust. (+10% HP)


Message History

It was a potion of curing.
You feel better. The orc hits you but does no damage.
It was a potion of mutation.
You feel extremely strange.
You feel clever.
You feel robust. You block the orc's attack.
Unknown command.
You hit the orc.
You kill the orc!
You barely miss the orc. The orc hits you with a +0 hand axe.
You barely miss the orc. You block the orc's attack.
You puncture the orc!
You kill the orc!
The adder bites you but does no damage.
You barely miss the adder. The adder bites you.
You closely miss the adder. The adder closely misses you.
The orc priest looks satisfied for a moment.
The adder barely misses you.
You closely miss the adder. The adder misses you.
You miss the adder. The adder bites you.
You are poisoned.
The adder poisons you!
You hit the adder.
The adder is moderately wounded.
You feel sick. The adder bites you but does no damage.
You block the adder's attack.
You puncture the adder!
You kill the adder!
You feel sick.
The orc priest looks encouraged for a moment.
You puncture the rat!
You kill the rat!
You feel sick.
The orc priest casts a cantrip, but nothing happens.
You puncture the orc!
You kill the orc!
You feel sick.
The orc priest invokes the aid of Beogh against you.
Beogh smites you!
* * * LOW HITPOINT WARNING * * *
You die...

#.######.#..#............
#....)..#...##....##.####
########.#.#.......#.#
#.#.#.###...#.# #.#.#.#
#...#.# #.#.###########
#.#.##.......
#.#..#.......
#@####....... #o# ......≈
#o####oo.....
#o..S#.o....!
####oroo.≈..≈ ###o......
...$... ......≈ .......


You could see an orc priest and 2 orcs.

Vanquished Creatures
  A howler monkey (D:3)
  An orc wizard (D:3)
  3 gnolls (D:3)
  An adder (D:3)
  10 orcs (D:3)
  7 endoplasms
  4 giant cockroaches
  A goblin (D:2)
  5 hobgoblins
  7 jackals (D:1)
  5 quokkas
  4 ball pythons
  2 bats
  5 frilled lizards
  3 kobolds (D:1)
  7 rats
66 creatures vanquished.

Notes
Turn   | Place    | Note
-------+----------+-------------------------------------------
     0 | D:1      | ytrimaz the Demonspawn Fighter began the quest for the Orb.
     0 | D:1      | Reached XP level 1. HP: 18/18 MP: 1/1
   254 | D:1      | Gained mutation: You have a pair of small antennae on your
                  | head. [demonic ancestry]
   254 | D:1      | Reached XP level 2. HP: 9/24 MP: 2/2
  1298 | D:1      | Reached XP level 3. HP: 27/29 MP: 3/3
  2294 | D:3      | Reached skill level 1 in Dodging
  2448 | D:2      | Gained mutation: You have an unusually large brain. (Int
                  | +2) [demonic ancestry]
  2448 | D:2      | Reached XP level 4. HP: 11/35 MP: 4/4
  3056 | D:3      | Reached skill level 1 in Spellcasting
  3056 | D:3      | Gained mutation: You have an extremely huge brain. (Int +4)
                  | [demonic ancestry]
  3056 | D:3      | Reached XP level 5. HP: 23/41 MP: 6/6
  3399 | D:3      | Gained mutation: Your mind is acute. (Int +2) [potion of
                  | mutation]
  3399 | D:3      | Gained mutation: You are robust. (+10% HP) [potion of
                  | mutation]
  3411 | D:3      | HP: 1/45 [orc priest/divine providence (14)]
  3412 | D:3      | Succumbed to an adder's poison

Illustrated notes

Levels and vault maps discovered:
D:1:      dpeg_arrival_three_smaller_balls, layout_basic
D:2:      layout_basic
D:3:      layout_loops_ring, kennysheep_generic_room_2

Skill      XL: |  1  2  3  4 |
---------------+-------------+-----
Short Blades   | 2 |  2.8
Armour         | 3 |  3.4
Shields        | 3 |  3.5
Dodging        | 1 |  1.7
Spellcasting   | 1 |  1.1
Fighting       | |  3.2

Action                   |  1- 3 |  4- 6 || total
-------------------------+-------+-------++-------
Melee: Rapier            |   164 |    76 ||   240
  Use: Scroll            |     3 |       ||     3
       Potion            |       |     3 ||     3
Armor: Scale mail        |    91 |    32 ||   123
Dodge: Dodged            |    90 |    28 ||   118
Block: Buckler           |    47 |    20 ||    67

Table legend: (Time is in decaauts)
 A = Elapsed time spent in this place.
 B = Non-inter-level travel time spent in this place.
 C = Inter-level travel time spent in this place.
 D = Time resting spent in this place.
 E = Time spent auto-exploring this place.
 F = Levels seen in this place.
 G = Mean time per level.
                   A        B        C        D        E       F      G
               +--------+--------+--------+--------+--------+-----+--------+
         Total |   3437 |   3391 |     46 |    719 |   2088 |   3 | 1145.7 |
       Dungeon |   3437 |   3391 |     46 |    719 |   2088 |   3 | 1145.7 |
               +--------+--------+--------+--------+--------+-----+--------+

Top non-repeatable levels by time:
     D:1: 1417 daAuts
     D:2: 1036 daAuts
     D:3: 983 daAuts
